 Dungeon Crawl Stone Soup version 0.30-a0-422-g946f4849ff (webtiles) character file.

Game seed: 16555846651009964559

116 LordRotharoth the Chiller (level 4, -2/30 HPs)
             Began as a Vampire Ice Elementalist on Dec 9, 2022.
             Slain by a killer bee (4 damage)
             ... on level 5 of the Dungeon.
             The game lasted 00:20:53 (3233 turns).

LordRotharoth the Chiller (VpIE)                    Turns: 3233, Time: 00:20:54

Health: -2/30      AC:  1    Str:  9    XL:     4   Next: 70%
Magic:  7/8        EV: 13    Int: 17    God:
Gold:   91         SH:  0    Dex: 14    Spells: 4/8 levels left

rFire   + . .      SeeInvis +    a - +3 short sword "Hofrohol" {elec, Fly}
rCold   + . .      Faith    .    (no shield)
rNeg    . . .      Spirit   .    (no body armour)
rPois   +          Reflect  .    (no helmet)
rElec   +          Harm     .    e - +0 cloak
rCorr   +          Rampage  .    (no gloves)
Will    .....                    (no boots)
Stlth   ++........               (no amulet)
HPRegen 0.45/turn                (no ring)
MPRegen 0.11/turn                (no ring)

@: lethally poisoned (-2 -> -20), resistant, flying, healing quickly
A: alive, fangs 3, see invisible, vampiric 2
a: Exsanguinate


You were on level 5 of the Dungeon.
You visited 1 branch of the dungeon, and saw 4 of its levels.

You collected 91 gold pieces.

Inventory:

Hand Weapons
 a - the +3 short sword "Hofrohol" (weapon) {elec, Fly}
   (You found it on level 2 of the Dungeon)

   It occasionally discharges a powerful burst of electricity upon striking a
   foe.
   Fly:       It grants you flight.
Missiles
 c - 5 poisoned darts
Armour
 e - a +0 cloak (worn)
Scrolls
 d - 4 scrolls of identify
Potions
 b - a potion of magic
 f - a potion of haste


   Skills:
 + Level 0.1 Fighting
 + Level 0.1 Armour
 + Level 2.9 Dodging
 + Level 3.4 Stealth
 + Level 1.4 Unarmed Combat
 + Level 2.9 Spellcasting
 + Level 4.8 Ice Magic


You had 4 spell levels left.
You knew the following spells:

 Your Spells              Type           Power      Damage    Failure   Level
a - Freeze                Ice            72%        1d8       2%          1
b - Frozen Ramparts       Ice            36%        1d6       8%          3

Your spell library contained the following spells:

 Spells                   Type           Power      Damage    Failure   Level
 Ozocubu's Armour         Ice            18%        N/A       8%          3
 Beastly Appendage        Tmut           4%         N/A       19%         1
 Wereblood                Tmut           2%         N/A       26%         2
 Spider Form              Tmut/Pois      2%         N/A       47%         3
 Summon Ice Beast         Ice/Summ       10%        N/A       54%         4
 Flame Wave               Conj/Fire      2%         2d4       87%         4
 Sticky Flame             Conj/Fire      2%         2d3       87%         4
 Fire Storm               Conj/Fire      1%         7d1       100%        9


Dungeon Overview and Level Annotations

Branches:
Dungeon (3/15)

Altars:
Fedhas


Innate Abilities, Weirdness & Mutations

Your natural rate of healing is accelerated.
You have razor-sharp teeth.
You have supernaturally acute eyesight. (SInv)
You are afflicted with vampirism and can become a bat while bloodless.


Message History

You see here a quokka corpse.
You now have 81 gold pieces (gained 12).
You reach down and open the door.
There is an open door here.
A sourceless malevolence fills the Dungeon...
You are sucked into a shaft and drop 2 floors!
The shaft crumbles and collapses.
g - a grey potion You now have 91 gold pieces (gained 10).
Found a ring mail.
A killer bee comes into view.
The killer bee buzzes angrily.
A killer bee comes into view. x2
The killer bee stings you.
The killer bee buzzes angrily. x2
You hit the killer bee.
Lightning courses through the killer bee!
Your bite misses the killer bee.
The killer bee is severely wounded.
The killer bee closely misses you. The killer bee stings you.
You miss the killer bee. Your bite misses the killer bee.
The killer bee is severely wounded.
The killer bee barely misses you.
You freeze the killer bee!
The killer bee is heavily wounded.
The killer bee stings you!
You are poisoned.
The killer bee poisons you! The killer bee stings you!
You are lethally poisoned!
The killer bee poisons you! The killer bee stings you.
* * * LOW HITPOINT WARNING * * *
It was a potion of resistance.
You feel protected.
* * * LOW HITPOINT WARNING * * *
You feel very sick. The killer bee stings you.
* * * LOW HITPOINT WARNING * * *
You are more poisoned.
The killer bee poisons you! The killer bee stings you.
You die...

### ##.# . #..# ######
.. ..#######....## ...
..###.........# ....
..##..........#####.[...
................yy......
................@y......
####...........#####....
# ##...........# . ##
##..........# .#
##..........# .##
##.........# ..#
##........# ..#
###....... ..####


You could see 3 killer bees.

Vanquished Creatures
  Jessica (D:2)
  An adder (D:2)
  A worm (D:2)
  2 dart slugs
  6 endoplasms
  3 giant cockroaches
  7 goblins
  4 hobgoblins
  15 jackals
  3 kobolds
  4 quokkas
  4 ball pythons
  5 bats
  A frilled lizard (D:2)
  10 rats
67 creatures vanquished.

Notes
Turn   | Place    | Note
-------+----------+-------------------------------------------
     0 | D:1      | LordRotharoth the Vampire Ice Elementalist began the quest
                  | for the Orb.
     0 | D:1      | Reached XP level 1. HP: 13/13 MP: 3/3
   116 | D:1      | Found a faded altar of an unknown god.
   560 | D:1      | Reached XP level 2. HP: 18/19 MP: 5/5
   801 | D:1      | Gained mutation: You are afflicted with vampirism and can
                  | become a bat while bloodless. [Vampire growth]
   801 | D:1      | Reached XP level 3. HP: 20/24 MP: 4/6
   851 | D:1      | Got the Secrets of Fire
  1453 | D:2      | Learned a level 3 spell: Frozen Ramparts
  1853 | D:2      | Noticed Jessica
  1857 | D:2      | Killed Jessica
  1858 | D:2      | Reached skill level 1 in Unarmed Combat
  1858 | D:2      | Reached XP level 4. HP: 6/30 MP: 3/7
  2154 | D:2      | Identified the +3 short sword "Hofrohol" {elec, Fly}
  2174 | D:2      | Found a blossoming altar of Fedhas.
  3173 | D:3      | You are sucked into a shaft and drop 2 floors!
  3173 | D:5      | Entered Level 5 of the Dungeon
  3233 | D:5      | Slain by a killer bee

Illustrated notes

Levels and vault maps discovered:
D:1:      dpeg_arrival_subterranean_lakeside_camping, layout_basic,
          hellmonk_ecumenical_altar_run_dry
D:2:      layout_loops_ring, basic_altar, kennysheep_jessica_study
D:3:      layout_basic, zin_angel, chequers_temple_overflow_minitemple,
          gammafunk_ghost_icy
D:5:      layout_cave_pods, yredelemnul_forgotten_temple_becter,
          kennysheep_pointless_box, lightli_minifort

Skill      XL: |  1  2  3 |
---------------+----------+-----
Unarmed Combat | 1 |  1.4
Fighting       | |  0.1
Armour         | |  0.1
Dodging        | |  2.9
Stealth        | |  3.4
Spellcasting   | |  2.9
Ice Magic      | |  4.8

Action                   |  1- 3 |  4- 6 || total
-------------------------+-------+-------++-------
Melee: Unarmed           |   132 |     9 ||   141
       Bite              |    17 |     3 ||    20
       Short sword       |       |    10 ||    10
       Punch             |       |     1 ||     1
 Cast: Freeze            |    24 |    33 ||    57
       Frozen Ramparts   |     5 |     4 ||     9
  Use: Potion            |     5 |     1 ||     6
       Scroll            |     4 |     1 ||     5
 Stab: Sleeping          |     1 |     1 ||     2
       Distracted        |     1 |       ||     1
Armor: Robe              |    21 |       ||    21
       Plate armour      |    66 |       ||    66
       Skin              |     1 |     5 ||     6
Dodge: Dodged            |    92 |    33 ||   125

Table legend: (Time is in decaauts)
 A = Elapsed time spent in this place.
 B = Non-inter-level travel time spent in this place.
 C = Inter-level travel time spent in this place.
 D = Time resting spent in this place.
 E = Time spent auto-exploring this place.
 F = Levels seen in this place.
 G = Mean time per level.
                   A        B        C        D        E       F      G
               +--------+--------+--------+--------+--------+-----+--------+
         Total |   3218 |   3218 |      0 |    985 |   1071 |   4 |  804.5 |
       Dungeon |   3218 |   3218 |      0 |    985 |   1071 |   4 |  804.5 |
               +--------+--------+--------+--------+--------+-----+--------+

Top non-repeatable levels by time:
     D:1: 1374 daAuts
     D:2: 1365 daAuts
     D:3: 418 daAuts
     D:5: 59 daAuts
